Map: Cactus Valley LE (Void)

Players

Harstem - Winner!

  • Race: Protoss Protoss
  • Spawn Location: 7:00

CatZ

  • Race: Zerg Zerg
  • Spawn Location: 5:00

Event: WCS Austin 2017

VOD

Have the link to the VOD?

Description

Time

  • Played on: April 28, 2017, 5:27 p.m.
  • Length: 10:29

All games in this series

Show
View Real Time Build Order
Export as new Build Order

Harstem Protoss - Winner!

Build Orders: 1 Gate Expand, Oracle Opening 

Get SALT Encoding   

  12  0:01  Probe (Chrono Boost)  
  13  0:11  Probe (Chrono Boost)  
  14  0:20  Pylon  
  14  0:22  Probe (Chrono Boost)  
  15  0:38  Probe (Chrono Boost)  
  15  0:40  Gateway  
  16  0:49  Probe (Chrono Boost)  
  17  0:52  Assimilator  
  17  0:59  Probe (Chrono Boost)  
  18  1:10  Probe (Chrono Boost)  
  19  1:21  Probe (Chrono Boost)  
  20  1:26  Nexus  
  20  1:36  Cybernetics Core  
  20  1:39  Probe (Chrono Boost)  
  21  1:44  Assimilator  
  21  1:50  Probe (Chrono Boost)  
  22  1:54  Pylon  
  22  2:00  Probe (Chrono Boost)  
  23  2:11  Adept  
  26  2:21  Stargate  
  25  2:25  Probe (Chrono Boost)  
  27  2:37  Probe (Chrono Boost)  
  27  2:40  Adept  
  28  2:47  Probe (Chrono Boost)  
  30  2:52  Probe (Chrono Boost)  
  30  3:01  Warp Gate  
  30  3:02  Probe (Chrono Boost)  
  30  3:05  Oracle  
  31  3:06  Probe (Chrono Boost)  
  36  3:14  Probe (Chrono Boost)  
  36  3:18  Probe (Chrono Boost)  
  39  3:26  Probe (Chrono Boost)  
  39  3:34  Probe (Chrono Boost)  
  39  3:36  Adept  
  39  3:38  Probe (Chrono Boost)  
  40  3:43  Pylon  
  40  3:52  Pylon  
  40  4:02  Probe (Chrono Boost)  
  42  4:03  Probe (Chrono Boost)  
  42  4:05  Pylon, Oracle  
  41  4:14  Probe (Chrono Boost), Gateway  
  41  4:16  Gateway  
  45  4:19  Probe (Chrono Boost)  
  45  4:21  Sentry  
  48  4:26  Probe (Chrono Boost)  
  48  4:29  Probe (Chrono Boost)  
  51  4:40  Probe (Chrono Boost)  
  51  4:42  Mothership Core (Chrono Boost)  
  51  4:43  Pylon  
  53  4:50  Probe (Chrono Boost)  
  54  5:00  Probe (Chrono Boost)  
  54  5:01  Probe (Chrono Boost)  
  56  5:11  Probe x2 (Chrono Boost)  
  58  5:16  Adept x3  
  58  5:19  Nexus  
  62  5:21  Probe (Chrono Boost)  
  62  5:22  Probe (Chrono Boost)  
  62  5:24  Pylon  
  62  5:27  Phoenix  
  64  5:32  Probe (Chrono Boost)  
  64  5:34  Probe (Chrono Boost)  
  68  5:37  Adept  
  68  5:42  Adept x2  
  74  5:46  Assimilator, Probe (Chrono Boost)  
  74  5:49  Probe (Chrono Boost)  
  76  5:51  Robotics Facility, Pylon  
  76  5:53  Assimilator  
  77  5:58  Probe (Chrono Boost)  
  77  5:59  Probe (Chrono Boost)  
  78  6:08  Pylon  
  78  6:10  Forge, Probe (Chrono Boost)  
  80  6:11  Probe (Chrono Boost)  
  80  6:13  Zealot, Sentry  
  84  6:21  Probe (Chrono Boost)  
  84  6:23  Probe (Chrono Boost)  
  82  6:28  Sentry  
  82  6:32  Probe (Chrono Boost)  
  81  6:34  Immortal  
  81  6:35  Probe (Chrono Boost)  
  81  6:37  Twilight Council  
  78  6:40  Protoss Ground Weapons Level 1  
  78  6:44  Probe (Chrono Boost), Sentry, Adept  
  78  6:46  Probe (Chrono Boost)  
  85  6:52  Pylon  
  85  6:56  Pylon  
  85  6:57  Pylon  
  85  6:58  Sentry  
  85  6:59  Pylon  
  85  7:01  Gateway  
  86  7:02  Gateway  
  86  7:07  Probe (Chrono Boost)  
  89  7:08  Probe (Chrono Boost)  
  89  7:10  Probe (Chrono Boost)  
  87  7:15  Adept  
  87  7:16  Adept  
  87  7:19  Resonating Glaives  
  87  7:20  Immortal  
  93  7:23  Gateway  
  97  7:33  Adept  
  97  7:36  Photon Cannon, Adept  
  99  7:38  Pylon  
  96  7:45  Adept  
  96  7:48  Probe (Chrono Boost)  
  93  7:52  Probe (Chrono Boost)  
  93  7:55  Probe (Chrono Boost)  
  93  7:56  Adept  
  93  7:57  Adept  
  98  8:00  Probe (Chrono Boost)  
  98  8:03  Probe (Chrono Boost), Immortal  
  104  8:05  Probe (Chrono Boost)  
  103  8:14  Adept x3  
  103  8:18  Probe (Chrono Boost)  
  110  8:24  Adept x2  
  105  8:27  Probe (Chrono Boost)  
  105  8:30  Probe (Chrono Boost)  
  108  8:35  Probe (Chrono Boost)  
  108  8:37  Pylon  
  108  8:38  Probe (Chrono Boost)  
  108  8:40  Adept x3  
  115  8:45  Assimilator, Probe (Chrono Boost)  
  116  8:49  Assimilator, Gateway  
  116  8:52  Pylon  
  116  8:54  Adept  
  116  8:55  Adept  
  114  8:59  Pylon  
  114  9:20  Adept x6  
  120  9:28  Probe (Chrono Boost)  
  117  9:37  Probe (Chrono Boost)  
  108  9:39  Robotics Bay  
  108  9:41  Robotics Facility  
  108  9:43  Adept x5  
  102  9:58  Adept x2  
  105  10:01  Probe (Chrono Boost)  
  105  10:03  Probe (Chrono Boost)  
  106  10:14  Adept x5  
  106  10:17  Probe (Chrono Boost)  
  106  10:18  Adept x2  
Show
View Real Time Build Order
Export as new Build Order

CatZ Zerg 

Build Orders: Hatch First 

Get SALT Encoding   

  12  0:00  Drone  
  13  0:14  Overlord  
  13  0:18  Drone  
  14  0:33  Drone x2  
  16  0:38  Drone  
  17  0:48  Drone  
  18  0:57  Hatchery  
  17  1:11  Spawning Pool  
  16  1:15  Drone  
  17  1:35  Hatchery  
  17  1:38  Drone  
  17  1:41  Extractor  
  17  1:44  Drone  
  17  1:47  Drone  
  17  1:51  Drone  
  19  2:01  Queen  
  19  2:06  Zergling x2  
  22  2:11  Drone  
  22  2:12  Drone  
  24  2:21  Queen  
  26  2:26  Zergling x2  
  26  2:28  Zergling x2  
  28  2:35  Overlord  
  28  2:44  Metabolic Boost  
  28  2:50  Overlord  
  29  2:54  Drone x4  
  29  2:57  Queen  
  34  3:03  Queen  
  36  3:09  Drone x2  
  38  3:15  Drone x2  
  38  3:17  Zergling x2  
  41  3:22  Zergling x2  
  42  3:29  Zergling x4  
  44  3:40  Overlord  
  43  3:49  Drone  
  43  3:55  Overlord  
  43  4:00  Drone x2  
  43  4:01  Drone x3  
  46  4:07  Hatchery  
  46  4:09  Drone  
  46  4:10  Drone x2  
  46  4:13  Lair  
  46  4:15  Drone x2  
  49  4:20  Zergling x6  
  52  4:25  Extractor  
  52  4:26  Drone  
  52  4:27  Extractor  
  52  4:30  Drone  
  52  4:36  Zergling x2  
  53  4:40  Overlord  
  53  4:43  Drone x3  
  53  4:44  Drone x2  
  58  4:47  Spore Crawler  
  58  4:51  Drone x2  
  58  4:56  Overlord  
  54  5:04  Drone  
  54  5:06  Drone  
  53  5:08  Drone x3  
  53  5:10  Extractor  
  55  5:21  Zergling x6  
  56  5:25  Drone x2, Hydralisk Den  
  58  5:28  Queen  
  58  5:30  Drone x2  
  58  5:31  Drone  
  58  5:35  Zergling x2  
  64  5:39  Baneling Nest  
  64  5:41  Zergling x4  
  64  5:42  Drone x3  
  67  5:45  Zergling x4  
  67  5:49  Zergling x4  
  71  5:51  Pneumatized Carapace  
  71  6:01  Drone  
  71  6:02  Drone x2  
  68  6:07  Muscular Augments  
  68  6:12  Hydralisk x3  
  65  6:26  Hydralisk x2  
  63  6:33  Drone x3  
  61  6:42  Drone  
  61  6:52  Nydus Network  
  60  6:56  Hydralisk  
  62  7:03  Drone x2  
  62  7:04  Overlord  
  62  7:05  Drone x2  
  62  7:08  Hydralisk  
  66  7:15  Hydralisk  
  69  7:22  Baneling  
  69  7:28  Nydus Canal  
  69  7:30  Hydralisk x2  
  69  7:32  Zergling x4  
  69  7:34  Zergling x2  
  69  7:37  Zergling x4  
  77  7:39  Zergling x2  
  74  7:58  Nydus Canal  
  70  8:01  Hydralisk  
  70  8:02  Hydralisk  
  73  8:14  Hydralisk  
  73  8:17  Hydralisk  
  72  8:22  Drone x2  
  72  8:23  Drone x3  
  71  8:28  Overseer  
  71  8:29  Drone x2  
  71  8:30  Drone  
  71  8:32  Overlord  
  73  8:35  Overlord  
  73  8:37  Overseer  
  73  8:40  Overlord  
  73  8:42  Overlord  
  73  8:46  Overlord  
  73  8:55  Overlord  
  73  8:56  Hydralisk x2  
  73  8:59  Hydralisk  
  79  9:03  Hydralisk  
  81  9:15  Zergling x16  
  89  9:24  Hydralisk  
  76  9:26  Hydralisk  
  76  9:29  Zergling x2  
  69  9:35  Hydralisk  
  55  9:49  Nydus Canal  
  49  9:56  Zergling x2  
  49  9:57  Zergling x6  
  42  10:02  Zergling x2  
  42  10:05  Zergling x2  
Tags
 
Add a new tag
Caveats
  • Supply blocks, unpowered buildings, or Contaminate may cause inaccurate times.
  • Supply counts are checked every 10 seconds.